 Dungeon Sprint DCSS version 0.25-b1-37-g2669288c55 (webtiles) character file.

Game seed: 15316850779622483654

2195 Chiseanne the Covert (level 9, -3/115 HPs)
             Began as a Demonspawn Assassin on June 4, 2020.
             Was a Follower of Fedhas.
             Slain by a centaur warrior (11 damage)
             ... in the Dungeon (Sprint I: "Red Sonja").
             The game lasted 00:04:48 (642 turns).

Chiseanne the Covert (Demonspawn Assassin)           Turns: 642, Time: 00:04:48

Health: -3/115     AC:  7    Str: 15    XL:     9   Next: 12%
Magic:  8/16       EV: 17    Int: 12    God:    Fedhas [*.....]
Gold:   690        SH:  0    Dex: 15    Spells: 8/8 levels left

rFire    . . .     SeeInvis .   a - +2 dagger
rCold    + + .     Gourm    .   (no shield)
rNeg     . . .     Faith    .   m - +2 leather armour {rC+}
rPois    .         Spirit   .   (no helmet)
rElec    .         Reflect  .   c - +0 cloak
rCorr    .         Harm     .   u - +0 pair of gloves
MR       .....     NoTele   +   (no boots)
Stlth    ..........             (no amulet)
HPRegen  0.29/turn              (no ring)
MPRegen  0.15/turn              (no ring)

@: berserking, hasted, very quick
A: hooves 2, cold resistance 1, rot immunity
a: Renounce Religion


You were in the Dungeon.
You worshipped Fedhas.
Fedhas was aware of your devotion.
You were not hungry.

You visited 1 branch You collected 735 gold pieces.
You spent 45 gold pieces at shops.

Inventory:

Hand Weapons
 a - a +2 dagger (weapon)
 d - a +2 scythe of protection
 s - the +9 falchion "Anigun" {drain, rC- Int+4 Dex+4}
   (You found it in the Dungeon)

   A truly terrible weapon, it drains the life of those it strikes.
   It affects your intelligence (+4).
   It affects your dexterity (+4).
   It makes you vulnerable to cold.
Missiles
 b - 13 sling bullets
 n - 7 curare-tipped darts (quivered)
 o - 27 stones
 q - 11 arrows
 r - 8 poisoned darts
Armour
 c - a +0 cloak (worn)
 m - a +2 leather armour of cold resistance (worn)
 u - a +0 pair of gloves (worn)
Wands
 e - a wand of flame (13)
Scrolls
 l - a scroll of blinking
Potions
 g - 2 potions of curing
 i - a potion of haste
 j - 2 potions of magic
 p - a potion of flight {unknown}
Comestibles
 f - a ration
 h - 9 chunks of flesh


   Skills:
 - Level 9.5 Fighting
 - Level 1.7 Short Blades
 - Level 1.7 Throwing
 - Level 8.5 Dodging
 - Level 14.1 Stealth
 + Level 10.1 Invocations


You had 8 spell levels left.
You didn't know any spells.
Your spell library was empty.

Dungeon Overview and Level Annotations

Branches:
Dungeon (1/1)

Altars:
Cheibriados
Dithmenos
Elyvilon
Fedhas
Gozag
Hepliaklqana
Kikubaaqudgha
Nemelex Xobeh
Okawaru
Qazlal
Ru
Sif Muna
Trog
Uskayaw
Vehumet
Wu Jian
Yredelemnul
Zin
The Shining One

Shops:
D }%[


Innate Abilities, Weirdness & Mutations

You have hoof-like feet.
Your flesh is cold resistant. (rC+)
You are immune to rotting.


Message History

You feel immune to rotting.
The centaur warrior wields a +0 shortbow.
The centaur warrior shoots an arrow.
The arrow hits you!
* * * LOW HITPOINT WARNING * * *
The centaur warrior unwields a +0 shortbow.
The centaur warrior hits you!
* * * LOW HITPOINT WARNING * * *
Things that are here:
a +0 shortbow; 19 arrows You puncture the centaur warrior!
You kick the centaur warrior.
The centaur warrior is moderately wounded.
You closely miss the centaur warrior. Your kick misses the centaur warrior.
The centaur warrior is moderately wounded.
The centaur warrior hits you!
* * * LOW HITPOINT WARNING * * *
You hit the centaur warrior. Your kick misses the centaur warrior.
The centaur warrior is moderately wounded.
The centaur warrior hits you!
You die...
Fedhas appreciates your contribution to the ecosystem.

.#.['..#..'..#
.')[#..'..#..+
.#####'#####'# ##
)####..#...#.####§§
.#__####..##.#§§§§§
.#_____##'#_.+§§≈c
⌠#_.∩..÷'..._#*§§
##_..__##_.#'##§###
#_____###'#.#§c@(###
##########.####+###.##
........'...'..÷..'.∩#
#++++####.).##########
###.### #.#+#.#
#.*...# #..(..#
#######


You could see a centaur warrior and a neutral ballistomycete spore (wandering).

Vanquished Creatures
  A centaur warrior (D)
  Sonja (D)
  A deep troll (D)
  Sigmund (D)
  A yak (D)
  An ogre (D)
  A jelly (D)
  Ijyb (D)
8 creatures vanquished.

Notes
Turn   | Place    | Note
-------+----------+-------------------------------------------
     0 | D        | Chiseanne the Demonspawn Assassin began the quest for the
                  | Orb.
     0 | D        | Reached XP level 1. HP: 16/16 MP: 1/1
     1 | D        | Noticed Ijyb
    21 | D        | Killed Ijyb
    21 | D        | Reached skill level 6 in Stealth
    21 | D        | Gained mutation: You have large cloven feet. [demonic
                  | ancestry]
    21 | D        | Reached XP level 2. HP: 20/22 MP: 2/2
    53 | D        | Noticed an ogre
    55 | D        | HP: 1/22 [ogre/+0 giant club (21)]
    66 | D        | Killed an ogre
    66 | D        | Reached skill level 8 in Stealth
    66 | D        | Gained mutation: Your flesh is cold resistant. (rC+)
                  | [demonic ancestry]
    66 | D        | Reached XP level 3. HP: 2/30 MP: 3/3
    66 | D        | Gained mutation: You have hoof-like feet. [demonic
                  | ancestry]
    66 | D        | Reached XP level 4. HP: 3/37 MP: 4/4
   359 | D        | Noticed Sigmund
   380 | D        | Killed Sigmund
   380 | D        | Reached skill level 5 in Fighting
   380 | D        | Reached skill level 5 in Dodging
   380 | D        | Reached skill level 10 in Stealth
   380 | D        | Reached XP level 5. HP: 40/46 MP: 5/5
   410 | D        | Found a shimmering blue altar of Sif Muna.
   411 | D        | Found an ornate altar of the Wu Jian Council.
   412 | D        | Found a radiant altar of Vehumet.
   417 | D        | Reached XP level 6. HP: 51/52 MP: 6/6
   446 | D        | Found Muem's Food Emporium.
   446 | D        | Found an ancient bone altar of Kikubaaqudgha.
   446 | D        | Found a hazy altar of Hepliaklqana.
   446 | D        | Found a hide-covered altar of Uskayaw.
   446 | D        | Found a basalt altar of Yredelemnul.
   446 | D        | Found an opulent altar of Gozag.
   446 | D        | Found a snail-covered altar of Cheibriados.
   446 | D        | Found a sacrificial altar of Ru.
   446 | D        | Found a shadowy altar of Dithmenos.
   446 | D        | Noticed a yak
   447 | D        | Found a stormy altar of Qazlal.
   447 | D        | Found a blossoming altar of Fedhas.
   447 | D        | Found a bloodstained altar of Trog.
   447 | D        | Found an iron altar of Okawaru.
   447 | D        | Found a glowing golden altar of the Shining One.
   447 | D        | Found a glowing silver altar of Zin.
   447 | D        | Found a white marble altar of Elyvilon.
   448 | D        | Killed a yak
   448 | D        | Reached skill level 11 in Stealth
   449 | D        | Found a sparkling altar of Nemelex Xobeh.
   454 | D        | Became a worshipper of Fedhas Madash
   462 | D        | Noticed Sonja
   466 | D        | Killed Sonja
   466 | D        | Reached skill level 13 in Stealth
   466 | D        | Reached XP level 7. HP: 63/63 MP: 7/7
   466 | D        | Reached XP level 8. HP: 69/69 MP: 8/8
   481 | D        | Found Zumes's Gadget Boutique.
   501 | D        | Noticed a deep troll
   505 | D        | Killed a deep troll
   505 | D        | Reached skill level 14 in Stealth
   527 | D        | Got an ichor-stained falchion
   531 | D        | Found Cetuuv's Armour Emporium.
   538 | D        | Bought a +0 pair of gloves for 45 gold pieces
   541 | D        | Identified the +9 falchion "Anigun" {drain, rC- Int+4
                  | Dex+4} (You found it in the Dungeon)
   625 | D        | Noticed a centaur warrior
   625 | D        | Noticed a centaur warrior
   638 | D        | Killed a centaur warrior
   638 | D        | Reached * piety under Fedhas
   638 | D        | Reached skill level 10 in Invocations
   638 | D        | Gained mutation: You are immune to rotting. [demonic
                  | ancestry]
   638 | D        | Reached XP level 9. HP: 40/77 MP: 8/16
   642 | D        | Slain by a centaur warrior

Illustrated notes

Levels and vault maps discovered:
D:        dungeon_sprint_1 [red_sonja_temple_1, red_sonja_temple_small_1]

Skill      XL: |  1  2  3  4  5  6  7  8 |
---------------+-------------------------+-----
Stealth        | 6 8 10 13 14 | 14.1
Fighting       | 3 5 6 8 9 |  9.5
Dodging        | 3 5 7 8 |  8.5
Invocations    | 10 | 10.1
Short Blades   | |  1.7
Throwing       | |  1.7

Action                   |  1- 3 |  4- 6 |  7- 9 || total
-------------------------+-------+-------+-------++-------
Melee: Dagger            |     6 |     5 |    11 ||    22
       Kick              |       |     1 |     7 ||     8
Throw: Dart              |    11 |     7 |       ||    18
  Use: Potion            |     1 |       |     3 ||     4
       Scroll            |       |       |     1 ||     1
 Stab: Sleeping          |       |     3 |     1 ||     4
Armor: Leather armour    |       |       |     2 ||     2
Dodge: Dodged            |     8 |     2 |     2 ||    12
